 Dungeon Sprint DCSS version 0.31-a0-744-gbc345e7fcb (webtiles) character file.

Game seed: 986527895067734640

4376 Revguard the Lord of Darkness (level 10, -22/82 HPs)
             Began as a Demonspawn Necromancer on Sept 13, 2023.
             Was the Champion of Kikubaaqudgha.
             Annihilated by an ironbound frostheart (26 damage)
             ... in the Dungeon (Sprint V: "Ziggurat Sprint").
             The game lasted 00:18:30 (1039 turns).

Revguard the Lord of Darkness (DsNe)                Turns: 1039, Time: 00:18:32

Health: -22/82     AC:  6    Str:  7    XL:     10   Next: 13%
Magic:  17/28      EV: 17    Int: 37    God:    Kikubaaqudgha [******]
Gold:   0          SH:  0    Dex: 20    Spells: 0/25 levels left

rFire   . . .        B - +6 Majin-Bo {spellvamp, MP+6 Int+6}
rCold   . . .        A - orb {guile}
rNeg    + . .        D - +2 robe {rN+}
rPois   .            (no helmet)
rElec   .            (no cloak)
rCorr   +            (no gloves)
SInv    .            (no boots)
Will    +....        C - amulet "Reghoh" {Acrobat Will+++ rCorr Str-2 Dex+5}
Stlth   ++++         t - +6 ring of intelligence
HPRegen 0.33/turn    u - +6 ring of intelligence
MPRegen 0.21/turn

%: no teleportation, acrobat
@: frozen, freezing walls, animating dead, very slow
A: hooves 2, yellow scales 1, powered by death 2, demonic magic 2
a: Renounce Religion, Unearth Wretches, Torment


You were in the Dungeon.
You worshipped Kikubaaqudgha.
Kikubaaqudgha was exalted by your worship.
You visited 1 branch

Inventory:

Hand Weapons
 B - the +6 Majin-Bo (weapon) {spellvamp, MP+6 Int+6}
   (You found it in the Dungeon)

   Int+6:     It affects your intelligence (+6).
   MP+6:      It affects your magic capacity (+6).
Armour
 a - a +0 robe
 A - an orb of guile (worn)
 D - a +2 robe of positive energy (worn)
Jewellery
 q - a ring of flight
 r - a +6 ring of dexterity
 s - a +6 ring of dexterity
 t - a +6 ring of intelligence (left hand)
 u - a +6 ring of intelligence (right hand)
 v - a +6 ring of strength
 w - a +6 ring of strength
 C - the amulet "Reghoh" (around neck) {Acrobat Will+++ rCorr Str-2 Dex+5}
   (You found it in the Dungeon)

   [amulet of the acrobat]

   Acrobat:   It increases your evasion while moving and waiting.
   Str-2:     It affects your strength (-2).
   Dex+5:     It affects your dexterity (+5).
   Will+++:   It greatly increases your willpower.
   rCorr:     It protects you from acid and corrosion.
 E - a ring of protection from cold
 G - a ring of willpower
 H - a ring of poison resistance
Wands
 k - a wand of paralysis (19)
 x - a wand of mindburst (7)
 y - a wand of iceblast (9)
 z - a wand of quicksilver (7)
 F - a wand of flame (13)
 J - a wand of polymorph (8)
Scrolls
 g - 4 scrolls of blinking
 m - 3 scrolls of amnesia
 n - 7 scrolls of fog
 o - 5 scrolls of identify
 p - 2 scrolls of fear
 I - a scroll of brand weapon
Potions
 b - 7 potions of magic
 c - 9 potions of curing
 d - 10 potions of heal wounds
 e - 6 potions of haste
 f - 3 potions of berserk rage
 h - 2 potions of brilliance
 i - 2 potions of invisibility
 j - 3 potions of resistance
 l - 6 potions of might


   Skills:
 + Level 8.7 Fighting
 + Level 7.9 Staves
 + Level 8.0 Dodging
 + Level 8.7 Stealth
 + Level 8.1 Spellcasting
 + Level 5.5 Conjurations
 + Level 8.4 Hexes
 + Level 10.3 Necromancy
 + Level 5.0 Ice Magic
 + Level 3.6 Evocations


You couldn't memorise any spells.
You knew the following spells:

 Your Spells              Type           Power      Damage    Failure   Level
a - Necrotise             Necr           100%       1d9       1%          1
b - Vampiric Draining     Necr           75%        2d11      1%          3
c - Animate Dead          Necr           75%        N/A       1%          4
d - Borgnjor's Vile Clut  Necr/Erth      26%        N/A       9%          5
e - Agony                 Necr           75%        N/A       1%          5
f - Frozen Ramparts       Ice            100%       1d16      1%          3
g - Anguish               Hex/Necr       35%        N/A       1%          4

Your spell library contained the following spells:

 Spells                   Type           Power      Damage    Failure   Level
 Freeze                   Ice            100%       1d10      1%          1
 Kiss of Death            Conj/Necr      100%       2d13      1%          1
 Magic Dart               Conj           100%       1d8       1%          1
 Shock                    Conj/Air       100%       1d9       1%          1
 Cigotuvi's Dreadful Rot  Necr/Pois/Air  80%        N/A       1%          2
 Jinxbite                 Hex            100%       N/A       1%          2
 Sublimation of Blood     Necr           75%        N/A       1%          2
 Confusing Touch          Hex            67%        N/A       1%          3
 Dazzling Flash           Conj/Hex       100%       N/A       1%          3
 Hailstorm                Conj/Ice       53%        3d12      1%          3
 Inner Flame              Hex/Fire       46%        N/A       1%          3
 Apportation              Tloc           30%        N/A       2%          1
 Leda's Liquefaction      Hex/Erth       23%        N/A       4%          4
 Flame Wave               Conj/Fire      35%        2d10      9%          4
 Sticky Flame             Conj/Fire      35%        2d5       9%          4
 Simulacrum               Ice/Necr       32%        N/A       17%         6
 Irradiate                Conj/Tmut      17%        3d17      24%         5
 Enfeeble                 Hex            33%        N/A       56%         7
 Alistair's Intoxication  Tmut/Pois      10%        N/A       58%         5
 Borgnjor's Revivificati  Necr           37%        N/A       94%         8
 Infestation              Necr           37%        N/A       94%         8
 Haunt                    Necr/Summ      26%        N/A       95%         7
 Eringya's Noxious Bog    Tmut/Pois      7%         4d6       99%         6
 Death's Door             Necr           37%        N/A       100%        9


Dungeon Overview and Level Annotations

Branches:
Dungeon (1/1)

Altars:
Ashenzari
Cheibriados
Dithmenos
Fedhas
Gozag
Hepliaklqana
Kikubaaqudgha
Makhleb
Nemelex Xobeh
Okawaru
Qazlal
Ru
Sif Muna
Trog
Uskayaw
Vehumet
Wu Jian
Xom
Yredelemnul
Jiyva
Lugonu

Annotations:
D 1 transporter


Innate Abilities, Weirdness & Mutations

You have hoof-like feet.
You are partially covered in yellow scales. (AC +2)
You regenerate health from kills.
Spells you cast may paralyse nearby enemies.


Message History

The zombie hands constrict the vault guard.
The sphinx is no longer paralysed.
The vault guard hits you from afar with a +0 glaive!
The vault guard struggles to escape constriction.
The zombie hands constrict the vault guard.
The vault sentinel blows a loud note on a signal horn!
The vault guard completely misses you.
The ironbound frostheart calls freezing cold from the walls.
The frost grips you!!
You are encased in ice.
The vault guard struggles to escape constriction.
Casting: Borgnjor's Vile Clutch (dangerous; 9% risk of failure)
Confirm with . or Enter, or press ? or * to list all spells.
Casting: Frozen Ramparts (safe; 1% risk of failure)
Press: ? - help, Dir - look around, f - activate The walls around you are covered in ice.
Malevolent energies surge around you.
The sphinx suddenly stops moving!
The vault guard suddenly stops moving!
The ironbound frostheart suddenly stops moving!
The dire elephant suddenly stops moving!
The vault guard suddenly stops moving!
The zombie hands constrict the vault guard, but do no damage.
The ironbound frostheart resists.
The wall freezes the ironbound frostheart.
The wall freezes the dire elephant!
The wall freezes the vault guard.
The wall freezes the sphinx.
The vault guard struggles to escape constriction.
The helpless ironbound frostheart fails to defend itself.
You hit the ironbound frostheart but do no damage.
You kick the ironbound frostheart, but do no damage.
The zombie hands constrict the vault guard.
The dire elephant is no longer paralysed.
The ironbound frostheart is no longer paralysed.
The wall freezes the sphinx.
The wall freezes the ironbound frostheart but does no damage.
The ironbound frostheart touches you!!
* * * LOW HITPOINT WARNING * * *
The ironbound frostheart freezes you!!
You die...
Kikubaaqudgha rasps: "You have failed me!
Welcome... death!"

▓...8©8...▓
▓..=)=)/..▓
▓...:[=/..▓
▓.........▓
▓.........▓
▓...ppp...▓
▓.....pY..▓
▓.▓....p▓.▓
▓....©pH@.▓
▓▓▓▓▓▓▓▓▓▓▓


You could see a dire elephant, a sphinx (paralysed), 3 vault guards, 2 ironbound
frosthearts and a vault sentinel.

Vanquished Creatures
  A spriggan druid (D)
  3 rime drakes (D)
  An ice devil (D)
  2 freezing wraiths (D)
  2 polar bears (D)
  A hornet (D)
  2 spriggans (D)
  A yak (D)
  A steam dragon (D)
  A water moccasin (D)
  A small abomination (D)
  2 swamp drakes (D)
  2 ice beasts (D)
  3 black bears (D)
  A phantom (D)
  A necrophage (D)
  2 crimson imps (D)
  6 adders (D)
  A river rat (D)
  A white imp (D)
  An adder zombie (D)
  An adder skeleton (D)
  2 ball pythons (D)
  A ball python simulacrum (D)
  A quokka simulacrum (D)
  A quokka skeleton (D)
  A quokka zombie (D)
43 creatures vanquished.

Vanquished Creatures (collateral kills)
  A polar bear (D)
  A white imp (D)
  A ball python simulacrum (D)
3 creatures vanquished.

Vanquished Creatures (others)
  A rime drake zombie (D)
  A polar bear zombie (D)
2 creatures vanquished.

Grand Total: 48 creatures vanquished

Notes
Turn   | Place    | Note
-------+----------+-------------------------------------------
     0 | D        | Revguard the Demonspawn Necromancer began the quest for the
                  | Orb.
     0 | D        | Reached XP level 1. HP: 13/13 MP: 3/3
     0 | D        | Found a blossoming altar of Fedhas.
     0 | D        | Found the +6 Majin-Bo {spellvamp, MP+6 Int+6}
     0 | D        | Found the +27 heavy crossbow "Sniper" {heavy, Acc+∞ SInv}
     0 | D        | Found the +10 dark maul {heavy}
     0 | D        | Found the +15 Maxwell's patent armour {-Cast -Tele rElec
                  | Will+ rCorr}
     0 | D        | Found the +18 shield of the Gong {Loud rN+ Will+ rCorr
                  | EV-5}
     0 | D        | Found the +16 obsidian axe {drain, demonic, Mesm Drain Fly
                  | SInv}
     0 | D        | Found the +7 great mace "Firestarter" {flame, immolate,
                  | rFlCloud rF++}
     0 | D        | Found the +6 shillelagh "Devastator" {shatter}
     0 | D        | Found the +11 plutonium sword {Contam Stlth-}
     0 | D        | Found the +8 lance "Wyrmbane" {slay drac, rPois rF+ rC+
                  | AC+3}
     0 | D        | Found the +9 sword of Zonguldrok {reap}
     0 | D        | Found the +13 scythe of Curses {drain, curses, Drain}
     0 | D        | Found the +9 sword of Power {lifebolt}
     0 | D        | Found the +7 mace of Variability {chaos, chaos arc}
     0 | D        | Found the +11 Singing Sword {sonic wave}
     0 | D        | Found the +8 storm bow {elec, penet}
     1 | D        | Found a shimmering blue altar of Sif Muna.
     1 | D        | Found a sacrificial altar of Ru.
     1 | D        | Found a bloodstained altar of Trog.
     1 | D        | Found a stormy altar of Qazlal.
     1 | D        | Found an iron altar of Okawaru.
     1 | D        | Found a sparkling altar of Nemelex Xobeh.
     3 | D        | Found a transporter.
     3 | D        | Found an ancient bone altar of Kikubaaqudgha.
     3 | D        | Found a viscous altar of Jiyva.
     3 | D        | Found a corrupted altar of Lugonu.
     3 | D        | Found a hazy altar of Hepliaklqana.
     3 | D        | Found a burning altar of Makhleb.
     3 | D        | Found an opulent altar of Gozag.
    78 | D        | Became a worshipper of Kikubaaqudgha
    81 | D        | Reached skill level 5 in Necromancy
    81 | D        | Gained mutation: Spells you cast may paralyse adjacent
                  | enemies. [demonic ancestry]
    81 | D        | Reached XP level 2. HP: 23/23 MP: 6/6
    86 | D        | Entered arena 2.
    86 | D        | Noticed a yak
    86 | D        | Found a transporter.
    91 | D        | Killed a yak
    92 | D        | Reached skill level 6 in Necromancy
    92 | D        | Reached XP level 3. HP: 23/30 MP: 7/8
    92 | D        | Gained mutation: Spells you cast may paralyse nearby
                  | enemies. [demonic ancestry]
    92 | D        | Reached XP level 4. HP: 28/37 MP: 8/10
    92 | D        | Gained mutation: You are partially covered in yellow
                  | scales. (AC +2) [demonic ancestry]
    92 | D        | Reached XP level 5. HP: 32/42 MP: 8/11
   161 | D        | Learned a level 3 spell: Vampiric Draining
   166 | D        | Learned a level 4 spell: Animate Dead
   167 | D        | Entered arena 3.
   167 | D        | Noticed a small abomination
   167 | D        | Found a transporter.
   179 | D        | Killed a small abomination
   179 | D        | Reached * piety under Kikubaaqudgha
   179 | D        | Received a gift from Kikubaaqudgha
   180 | D        | Reached skill level 5 in Stealth
   183 | D        | Reached skill level 5 in Fighting
   183 | D        | Reached skill level 7 in Necromancy
   183 | D        | Gained mutation: You have large cloven feet. [demonic
                  | ancestry]
   183 | D        | Reached XP level 6. HP: 17/51 MP: 13/13
   185 | D        | Reached ** piety under Kikubaaqudgha
   186 | D        | Reached skill level 5 in Dodging
   186 | D        | Reached skill level 5 in Spellcasting
   186 | D        | Reached skill level 5 in Hexes
   190 | D        | Got the amulet "Reghoh" {Acrobat Will+++ rCorr Str-2 Dex+5}
   312 | D        | Learned a level 2 spell: Cigotuvi's Dreadful Rot
   318 | D        | Learned a level 5 spell: Agony
   321 | D        | Entered arena 4.
   321 | D        | Noticed a rime drake
   321 | D        | Noticed a swamp drake
   321 | D        | Noticed a swamp drake
   321 | D        | Noticed a steam dragon
   321 | D        | Found a transporter.
   333 | D        | Killed a swamp drake
   334 | D        | Reached skill level 5 in Staves
   335 | D        | Killed a swamp drake
   336 | D        | Killed a rime drake
   337 | D        | Reached skill level 8 in Necromancy
   337 | D        | Gained mutation: You regenerate a little health from kills.
                  | [demonic ancestry]
   337 | D        | Reached XP level 7. HP: 57/58 MP: 10/15
   338 | D        | Killed a steam dragon
   338 | D        | Reached *** piety under Kikubaaqudgha
   338 | D        | Received a gift from Kikubaaqudgha
   353 | D        | Learned a level 3 spell: Frozen Ramparts
   405 | D        | Entered arena 5.
   405 | D        | Found a transporter.
   470 | D        | Entered arena 6.
   470 | D        | Found a transporter.
   474 | D        | Reached **** piety under Kikubaaqudgha
   475 | D        | Reached skill level 1 in Conjurations
   479 | D        | Reached skill level 1 in Ice Magic
   545 | D        | Entered arena 7.
   545 | D        | Noticed a spriggan
   545 | D        | Noticed a spriggan rider
   545 | D        | Noticed a spriggan druid
   553 | D        | Killed a spriggan druid
   553 | D        | Reached ***** piety under Kikubaaqudgha
   554 | D        | Gained mutation: You have hoof-like feet. [demonic
                  | ancestry]
   554 | D        | Reached XP level 8. HP: 59/67 MP: 7/18
   555 | D        | Reached skill level 9 in Necromancy
   567 | D        | Found a transporter.
   571 | D        | Reached XP level 9. HP: 58/73 MP: 10/19
   692 | D        | Learned a level 4 spell: Anguish
   694 | D        | Entered arena 8.
   695 | D        | Found a transporter.
   709 | D        | Reached ****** piety under Kikubaaqudgha
   710 | D        | Reached skill level 1 in Evocations
   730 | D        | Got the Opusculum on Entranced Arcane Combat
   735 | D        | Received a gift from Kikubaaqudgha (forbidden knowledge)
   788 | D        | Entered arena 9.
   788 | D        | Noticed a polar bear
   788 | D        | Noticed a polar bear
   788 | D        | Noticed an ice devil
   788 | D        | Noticed a rime drake
   803 | D        | Killed a rime drake
   808 | D        | Killed an ice devil
   811 | D        | Killed a polar bear
   816 | D        | Killed a polar bear
   817 | D        | Found a transporter.
   823 | D        | Got the Atlas of Obstruction
   891 | D        | Entered arena 10.
   891 | D        | Noticed a rime drake
   891 | D        | Noticed a polar bear
   891 | D        | Noticed a freezing wraith
   891 | D        | Noticed a freezing wraith
   892 | D        | Found a transporter.
   901 | D        | Killed a rime drake
   902 | D        | Reached skill level 5 in Conjurations
   902 | D        | Reached skill level 10 in Necromancy
   910 | D        | Killed a freezing wraith
   913 | D        | Killed a polar bear
   914 | D        | Gained mutation: You regenerate health from kills. [demonic
                  | ancestry]
   914 | D        | Reached XP level 10. HP: 46/82 MP: 8/22
   926 | D        | Reached skill level 5 in Ice Magic
   943 | D        | Got the Omnibus of Destruction and Electrocution
   955 | D        | Learned a level 5 spell: Borgnjor's Vile Clutch
  1031 | D        | Entered arena 11.
  1031 | D        | Noticed a vault guard
  1031 | D        | Noticed an ironbound frostheart
  1031 | D        | Noticed a dire elephant
  1031 | D        | Noticed a vault guard
  1031 | D        | Noticed an ironbound frostheart
  1031 | D        | Noticed a vault sentinel
  1031 | D        | Noticed a vault guard
  1031 | D        | Noticed a sphinx
  1031 | D        | Noticed a vault sentinel
  1032 | D        | Found a transporter.
  1039 | D        | HP: 4/82 [ironbound frostheart (22)]
  1039 | D        | Annihilated by an ironbound frostheart

Illustrated notes

Levels and vault maps discovered:
D:        sprint_v [room_start, room_1, room_2, room_3, room_4, room_5, room_6,
          room_7, room_8, room_9, room_10, room_11, room_12, room_13, room_14,
          room_15, room_16, room_17, room_18, room_19, room_20, room_21,
          room_22, room_23, room_24, room_25, room_26, room_27]

Skill      XL: |  1  2  3  4  5  6  7  8  9 10 |
---------------+-------------------------------+-----
Fighting       | 2 4 5 6 7 8 |  8.7
Staves         | 2 3 4 5 6 7 |  7.9
Dodging        | 3 4 5 6 7 8 |  8.0
Stealth        | 3 4 5 6 7 8 |  8.7
Spellcasting   | 3 4 5 6 7 8 |  8.1
Hexes          | 2 3 4 6 7 8 |  8.4
Necromancy     | 5 6 7 8 9 10 | 10.3
Conjurations   | 2 3 5 |  5.5
Ice Magic      | 2 3 4 5 |  5.0
Evocations     | 3 |  3.6

Action                     |  1- 3 |  4- 6 |  7- 9 | 10-12 || total
---------------------------+-------+-------+-------+-------++-------
  Melee: Bo                |     3 |    17 |    50 |    10 ||    80
         Kick              |       |     1 |    19 |     6 ||    26
   Cast: Necrotise         |     2 |    11 |    21 |     2 ||    36
         Vampiric Draining |       |     2 |    21 |     1 ||    24
         Frozen Ramparts   |       |       |     4 |     1 ||     5
         Agony             |       |       |     1 |       ||     1
         Animate Dead      |       |       |     4 |     1 ||     5
         Borgnjor's Vile C |       |       |       |     1 ||     1
 Invoke: Receive Forbidden |       |       |     1 |       ||     1
    Use: Potion            |     1 |     2 |     1 |       ||     4
         Scroll            |       |       |       |     1 ||     1
   Stab: Paralysed         |     3 |    17 |    34 |     9 ||    63
         Distracted        |       |       |     1 |       ||     1
 Armour: Robe              |     2 |    10 |    30 |     7 ||    49
  Dodge: Dodged            |     1 |     8 |    65 |     9 ||    83

Table legend: (Time is in decaauts)
 A = Elapsed time spent in this place.
 B = Non-inter-level travel time spent in this place.
 C = Inter-level travel time spent in this place.
 D = Time resting spent in this place.
 E = Time spent auto-exploring this place.
 F = Levels seen in this place.
 G = Mean time per level.
                   A        B        C        D        E       F      G
               +--------+--------+--------+--------+--------+-----+--------+
         Total |   1028 |   1028 |      0 |    570 |      0 |   1 | 1028.0 |
       Dungeon |   1028 |   1028 |      0 |    570 |      0 |   1 | 1028.0 |
               +--------+--------+--------+--------+--------+-----+--------+

Top non-repeatable levels by time:
       D: 1028 daAuts
